 Dungeon Crawl Stone Soup version 0.20-a0-1122-gb7cbeb9 (webtiles) character file.

137 AlphabetPasta the Magician (level 5, -3/31 HPs)
             Began as a Deep Elf Warper on May 12, 2017.
             Killed by nerve-wracking pain
             ... invoked by an orc priest
              (14 damage)
             ... on level 3 of the Dungeon.
             The game lasted 00:09:48 (2228 turns).

AlphabetPasta the Magician (Deep Elf Warper)        Turns: 2228, Time: 00:09:49

Health: -3/31      AC:  3    Str:  9    XL:     5   Next: 0%
Magic:  11/13      EV: 13    Int: 18    God:
Gold:   94         SH:  0    Dex: 14    Spells: 2/12 levels left

rFire    . . .     SeeInvis .   a - +1 short sword (venom)
rCold    . . .     Gourm    .   (no shield)
rNeg     . . .     Faith    .   b - +0 leather armour
rPois    .         Spirit   .   (no helmet)
rElec    .         Reflect  .   (no cloak)
rCorr    .         Harm     .   (no gloves)
MR       .....                  (no boots)
Stlth    +.........             (no amulet)
Regen    0.1/turn               (no ring)
MPRegen  0.2/turn               (no ring)

@: very slightly contaminated
A: no striking features
a: no special abilities


You were on level 3 of the Dungeon.
You were not hungry.

You visited 1 branch of the dungeon, and saw 3 of its levels.

You collected 94 gold pieces.

Inventory:

Hand Weapons
 a - a +1 short sword of venom (weapon)
 h - a +0 short sword
Missiles
 e - 3 tomahawks of dispersal
 m - 44 arrows
 n - 6 tomahawks (quivered)
Armour
 b - a +0 leather armour (worn)
Jewellery
 g - an uncursed ring of fire {unknown}
 o - a +5 ring of protection {unknown}
 p - an uncursed ring of see invisible {unknown}
Scrolls
 d - 2 scrolls of blinking
Potions
 i - 2 potions of curing
Books
 c - a book of Spatial Translocations

   Spells                             Type                      Level
   a - Blink                          Translocation                2
   b - Shroud of Golubria             Charms/Translocation         2
   c - Lesser Beckoning               Translocation                3
   d - Gell's Gravitas                Translocation                3
   e - Teleport Other                 Translocation                3
   f - Passage of Golubria            Translocation                4
Comestibles
 f - 2 bread rations
 l - 2 chunks of flesh


   Skills:
 * Level 2.6 Fighting
 + Level 2.8 Short Blades
 - Level 1.0 Throwing
 + Level 1.3 Armour
 + Level 3.4 Dodging
 + Level 4.0 Spellcasting
 + Level 0.8 Charms
 * Level 3.4 Translocations


You had 2 spell levels left.
You knew the following spells:

 Your Spells              Type           Power        Failure   Level  Hunger
a - Blink                 Tloc           N/A          8%          2    ##.....
b - Shroud of Golubria    Chrm/Tloc      ##........   13%         2    ##.....
c - Teleport Other        Tloc           ###.....     14%         3    ###....
d - Gell's Gravitas       Tloc           ###.......   14%         3    ###....


Dungeon Overview and Level Annotations

Branches:
Dungeon (3/15)

Altars:
Elyvilon


Message History

The orc priest is poisoned.
The orc priest mumbles some strange prayers to Beogh against you.
Beogh smites you!
* * * LOW HITPOINT WARNING * * *
You feel much better. The orc priest barely misses you.
You barely miss the orc priest. The orc priest closely misses you.
You hit the orc priest.
The orc priest is moderately wounded.
The orc priest hits you but does no damage.
You hit the orc priest.
The orc priest looks as sick as possible!
The orc priest is moderately wounded.
The orc priest mumbles some strange prayers to Beogh against you.
Beogh smites you!
You hit the orc priest.
The orc priest looks as sick as possible!
The orc priest is heavily wounded.
The orc priest calls down the wrath of Beogh upon you.
Pain shoots through your body!
You die...

.........######.. .#
#.##..##.# #.###.###
#.##..##.# #.#.....##
#.##..##)# #........##
##...###.# ####...≈≈≈...#
....## #.###.....≈≈≈≈≈..#
###.####.....<...≈≈♣≈≈..#
.........###...o.≈≈≈≈≈..#
........)# ###♣.@.≈≈≈...♣
..#..###.# ♣♣.......♣
..#..# #.# ♣♣.....♣♣
###..# #.# ♣♣...♣♣ #..#
#.# ♣...?.♣ #..###o##
♣.......♣ #..##...##
♣...≈≈≈...♣ #........#
♣..≈≈≈≈≈..♣ ####.##...##
♣...≈≈_≈≈...♣


You could see an orc priest.

Vanquished Creatures
  Terence (D:2)
  4 adders
  2 oozes
  A worm (D:2)
  3 dart slugs (D:2)
  2 leopard geckos
  4 orcs (D:3)
  2 ball pythons (D:2)
  4 bats
  4 giant cockroaches
  2 goblins (D:2)
  5 hobgoblins
  5 jackals (D:1)
  A quokka (D:2)
  4 frilled lizards
  4 kobolds (D:1)
  6 rats
54 creatures vanquished.

Notes
Turn   | Place    | Note
-------+----------+-------------------------------------------
     0 | D:1      | AlphabetPasta the Deep Elf Warper began the quest for the Orb.
     0 | D:1      | Reached XP level 1. HP: 12/12 MP: 6/6
    67 | D:1      | Reached skill level 1 in Armour
   155 | D:1      | Reached XP level 2. HP: 17/17 MP: 8/8
   159 | D:1      | Learned a level 2 spell: Blink
   162 | D:1      | Learned a level 2 spell: Shroud of Golubria
   533 | D:1      | Reached XP level 3. HP: 16/21 MP: 9/9
   538 | D:1      | Learned a level 3 spell: Teleport Other
  1100 | D:2      | Noticed Terence
  1122 | D:2      | Killed Terence
  1122 | D:2      | Reached XP level 4. HP: 15/27 MP: 9/11
  1131 | D:2      | Learned a level 3 spell: Gell's Gravitas
  1715 | D:3      | Reached skill level 4 in Spellcasting
  2097 | D:2      | Reached XP level 5. HP: 22/31 MP: 11/13
  2214 | D:3      | Found a white marble altar of Elyvilon.
  2228 | D:3      | Killed from afar by an orc priest

Vault maps used:
D:1:      eino_arrival_tree_alley
D:2:      first_bread, minmay_misc_feat_x, uniq_terence
D:3:      elyvilon_altar_3

Skill      XL: |  1  2  3  4 |
---------------+-------------+-----
Armour         | 1 |  1.3
Fighting       | 2 |  2.6
Dodging        | 3 |  3.4
Spellcasting   | 4 |  4.0
Short Blades   | |  2.8
Throwing       | |  1.0
Charms         | |  0.8
Translocations | |  3.4

Action                   |  1- 3 |  4- 6 || total
-------------------------+-------+-------++-------
Melee: Short sword       |   118 |    54 ||   172
Throw: Tomahawk          |     2 |     2 ||     4
 Cast: Shroud of Golubri |     5 |     3 ||     8
       Gell's Gravitas   |       |     3 ||     3
  Use: Scroll            |     1 |     4 ||     5
       Potion            |       |     1 ||     1
  Eat: Chunk             |     1 |     4 ||     5
Armor: Leather armour    |    17 |    10 ||    27
Dodge: Dodged            |    69 |    25 ||    94
